 Dungeon Crawl Stone Soup version 0.30-a0-777-ga9a30cbeda (webtiles) character file.

Game seed: 12385546613873275402

1067 Crownlay the Digger (level 8, -2/46 HPs)
             Began as an Octopode Earth Elementalist on Feb 13, 2023.
             Slain by a killer bee (4 damage)
             ... on level 5 of the Dungeon.
             The game lasted 00:05:36 (4024 turns).

Crownlay the Digger (Octopode Earth Elementalist)   Turns: 4024, Time: 00:05:36

Health: -2/46      AC:  2    Str:  7    XL:     8   Next: 28%
Magic:  10/15      EV: 13    Int: 32    God:
Gold:   916        SH:  0    Dex: 12    Spells: 13/17 levels left

rFire   + . .      SeeInvis .    w - +5 halberd
rCold   . . .      Faith    .    (shield currently unavailable)
rNeg    . . .      Spirit   .    l - +1 hat "Itumiq" {Contam rF+ Will- Int+6}
rPois   .          Reflect  .    (no amulet)
rElec   .          Harm     .    j - +6 ring of intelligence
rCorr   .          Rampage  .    (no ring)
Will    .....                    (no ring)
Stlth   ++++                     (no ring)
HPRegen 0.27/turn                (no ring)
MPRegen 0.14/turn                (no ring)
                                 (no ring)
                                 (no ring)

@: lethally poisoned (-2 -> -6), invisible
A: almost no armour, amphibious, 8 rings, camouflage 1, gelatinous body 1,
(nimble swimmer 1), tentacles
a: no special abilities


You were on level 5 of the Dungeon.
You visited 2 branches of the dungeon, and saw 6 of its levels.

You collected 916 gold pieces.

Inventory:

Hand Weapons
 w - a +5 halberd (weapon)
Armour
 l - the +1 hat "Itumiq" (worn) {Contam rF+ Will- Int+6}
   (You acquired it on level 2 of the Dungeon)

   Int:       It affects your intelligence (+6).
   rF:        It protects you from fire.
   Contam:    It causes magical contamination when unequipped.
   Will:      It decreases your willpower.
Jewellery
 j - a +6 ring of intelligence (left tentacle)
 x - an amulet of faith
Wands
 u - a wand of flame (8)
Scrolls
 b - a scroll of vulnerability {unknown}
 c - 5 scrolls of identify
 d - a scroll of blinking {unknown}
 f - a scroll of noise {unknown}
 g - 6 scrolls of enchant armour
 i - a scroll of fog {unknown}
 k - 2 scrolls of butterflies {unknown}
 n - a scroll of magic mapping {unknown}
 q - a scroll of silence {unknown}
 s - a scroll of amnesia {unknown}
 v - 2 scrolls of enchant weapon {unknown}
Potions
 a - a potion of magic
 h - a potion of cancellation
 m - a potion of brilliance
 o - a potion of haste
 p - a potion of lignification
 r - a potion of flight {unknown}
 t - a potion of heal wounds {unknown}


   Skills:
 - Level 2.0 Dodging
 + Level 5.6 Stealth
 * Level 5.2 Spellcasting
 * Level 3.9 Conjurations
 - Level 1.0 Transmutations
 * Level 6.3 Earth Magic


You had 13 spell levels left.
You knew the following spells:

 Your Spells              Type           Power      Damage    Failure   Level
a - Sandblast             Erth           96%        2d20      1%          1
b - Stone Arrow           Conj/Erth      82%        3d12      1%          3

Your spell library contained the following spells:

 Spells                   Type           Power      Damage    Failure   Level
 Passwall                 Tmut/Erth      25%        N/A       1%          2
 Sting                    Tmut/Pois      44%        1d5       4%          1
 Poisonous Vapours        Pois/Air       16%        N/A       8%          2
 Petrify                  Tmut/Erth      31%        N/A       11%         4
 Gell's Gravitas          Tloc           8%         N/A       16%         3
 Portal Projectile        Hex/Tloc       16%        N/A       16%         3
 Teleport Other           Tloc           8%         N/A       16%         3
 Tukima's Dance           Hex            8%         N/A       16%         3
 Olgreb's Toxic Radiance  Pois           8%         N/A       45%         4
 Blade Hands              Tmut           7%         N/A       67%         5
 Dispersal                Tloc           4%         N/A       100%        6


Dungeon Overview and Level Annotations

Branches:
Dungeon (5/15)             Temple (1/1) D:4

Altars:
Ashenzari
Cheibriados
Elyvilon
Fedhas
Makhleb
Sif Muna
Trog
Uskayaw
Xom
Zin
The Shining One


Innate Abilities, Weirdness & Mutations

You cannot wear most types of armour.
You are amphibious.
You can wear up to eight rings at the same time.
Your skin changes colour to match your surroundings (Stealth+).
Your rubbery body absorbs attacks. (AC +1, EV +1)
((You are camouflaged when in or above water. (Stealth+)))
You have tentacles for arms and can constrict up to eight enemies at once.


Message History

The blast of sand misses the killer bee.
The blast of sand hits the killer bee!!
You kill the killer bee!
You feel sick. The killer bee misses you. The killer bee barely misses you.
The killer bee closely misses you.
The blast of sand misses the killer bee.
You feel sick. The killer bee barely misses you. The killer bee stings you.
The killer bee stings you!
You are too injured to fight recklessly!
You are too injured to fight recklessly!
You are too injured to fight recklessly!
Casting: Sandblast (safe; 1% risk of failure)
Confirm with . or Enter, or press ? or * to list all spells.
Aiming: Sandblast (safe; 1% risk of failure)
Press: ? - help, Shift-Dir - straight line, f/p - killer bee
Aim: a killer bee (69% to hit)
The blast of sand misses the killer bee.
The blast of sand hits the sky beast!!
The sky beast is almost dead.
You feel sick. The killer bee stings you.
You are more poisoned.
The killer bee poisons you! The killer bee closely misses you.
The killer bee completely misses you.
Casting: Sandblast (safe; 1% risk of failure)
Confirm with . or Enter, or press ? or * to list all spells.
Aiming: Sandblast (safe; 1% risk of failure)
Press: ? - help, Shift-Dir - straight line, f/p - killer bee
Aim: a killer bee (69% to hit)
The blast of sand misses the killer bee.
The blast of sand hits the sky beast.
The sky beast is almost dead.
You feel sick. The killer bee completely misses you. The killer bee stings you!
* * * LOW HITPOINT WARNING * * *
The killer bee stings you.
* * * LOW HITPOINT WARNING * * *
It was a potion of invisibility.
You fade into invisibility!
* * * LOW HITPOINT WARNING * * *
You feel sick. The killer bee stings you.
You die...

#.# #.# ##...
#.# ...# #.#
... #.# ...
#.# #.# #.#
#Y#
#.##########y#
#...........@#
##############


You could see a sky beast (unable to see you) and a killer bee (unable to see
you).

Vanquished Creatures
  A water moccasin (D:5)
  An ogre (D:5)
  A phantom (D:5)
  A scorpion (D:5)
  3 wights (D:5)
  3 killer bees (D:5)
  6 hounds
  2 jellies (D:4)
  2 iguanas
  Terence (D:2)
  An orc wizard (D:4)
  4 adders (D:3)
  An ufetubus (D:5)
  A worm (D:2)
  A dart slug (D:4)
  7 orcs
  7 bats
  7 endoplasms
  2 giant cockroaches
  4 goblins
  5 hobgoblins
  A quokka (D:2)
  9 ball pythons
  7 frilled lizards
  11 kobolds
  8 rats
97 creatures vanquished.

Notes
Turn   | Place    | Note
-------+----------+-------------------------------------------
     0 | D:1      | Crownlay the Octopode Earth Elementalist began the quest
                  | for the Orb.
     0 | D:1      | Reached XP level 1. HP: 11/11 MP: 3/3
   138 | D:1      | Reached XP level 2. HP: 17/17 MP: 1/5
   915 | D:2      | Reached XP level 3. HP: 21/21 MP: 4/6
  1190 | D:2      | Learned a level 3 spell: Stone Arrow
  1290 | D:2      | Reached skill level 4 in Earth Magic
  1344 | D:2      | Noticed Terence
  1353 | D:2      | Killed Terence
  1354 | D:2      | Reached XP level 4. HP: 22/27 MP: 2/8
  1762 | D:2      | Identified 2 scrolls of acquirement
  1765 | D:2      | Acquired 609 gold pieces
  1767 | D:2      | Acquired the +1 hat "Itumiq" {Contam rF+ Will- Int+6}
  2126 | D:3      | Reached XP level 5. HP: 31/31 MP: 5/9
  2676 | D:4      | Reached skill level 1 in Conjurations
  2678 | D:4      | Reached XP level 6. HP: 36/36 MP: 7/11
  2713 | D:4      | Reached skill level 5 in Earth Magic
  3218 | D:4      | Found a staircase to the Ecumenical Temple.
  3257 | D:4      | Found a burning altar of Makhleb.
  3378 | Temple   | Entered the Ecumenical Temple
  3562 | D:5      | Entered Level 5 of the Dungeon
  3637 | D:5      | Reached XP level 7. HP: 41/41 MP: 11/13
  3806 | D:5      | Reached skill level 5 in Stealth
  3849 | D:5      | Reached skill level 6 in Earth Magic
  3849 | D:5      | Reached XP level 8. HP: 44/46 MP: 10/15
  3923 | D:5      | Reached skill level 5 in Spellcasting
  4024 | D:5      | HP: 2/46 [poisoned by a killer bee]
  4024 | D:5      | Slain by a killer bee

Illustrated notes

Levels and vault maps discovered:
D:1:      spicycebolla_arrival_ecumenical, layout_basic
D:2:      layout_loops_ring, minmay_tripent, uniq_terence
D:3:      minmay_wonky_spiral, layout_basic
D:4:      layout_loops_cross, lightli_temple_of_fire,
          minmay_temple_entry_drinking_statues
D:5:      layout_loops_ring
Temple:   hellmonk_temple_beads

Skill      XL: |  1  2  3  4  5  6  7  8 |
---------------+-------------------------+-----
Earth Magic    | 4 5 6 |  6.3
Stealth        | 3 4 5 |  5.6
Spellcasting   | 3 4 5 |  5.2
Conjurations   | 1 2 3 |  3.9
Dodging        | |  2.0
Transmutations | |  1.0

Action                     |  1- 3 |  4- 6 |  7- 9 || total
---------------------------+-------+-------+-------++-------
  Melee: Unarmed           |     3 |       |       ||     3
         Tentacles         |     4 |       |       ||     4
         Dagger            |     4 |       |       ||     4
         Constrict         |     1 |       |       ||     1
   Cast: Sandblast         |    41 |    58 |    24 ||   123
         Stone Arrow       |     1 |       |       ||     1
    Use: Scroll            |       |     8 |       ||     8
         Potion            |       |       |     1 ||     1
   Stab: Sleeping          |     1 |       |       ||     1
 Armour: Skin              |     3 |       |       ||     3
  Dodge: Dodged            |     9 |    10 |    11 ||    30

Table legend: (Time is in decaauts)
 A = Elapsed time spent in this place.
 B = Non-inter-level travel time spent in this place.
 C = Inter-level travel time spent in this place.
 D = Time resting spent in this place.
 E = Time spent auto-exploring this place.
 F = Levels seen in this place.
 G = Mean time per level.
                   A        B        C        D        E       F      G
               +--------+--------+--------+--------+--------+-----+--------+
         Total |   4084 |   3848 |    236 |      0 |   3338 |   6 |  680.7 |
       Dungeon |   3916 |   3751 |    165 |      0 |   3253 |   5 |  783.2 |
        Temple |    167 |     96 |     71 |      0 |     85 |   1 |  167.0 |
               +--------+--------+--------+--------+--------+-----+--------+

Top non-repeatable levels by time:
     D:1: 912 daAuts
     D:2: 905 daAuts
     D:4: 841 daAuts
     D:3: 782 daAuts
     D:5: 474 daAuts
  Temple: 167 daAuts
